 Dungeon Crawl Stone Soup version 0.29-a0-613-gf2c431b9b9 (webtiles) character file.

Game seed: 13239636096511957188

1803 Patoropollo the Skirmisher (level 9, -1/73 HPs)
             Began as a Gnoll Abyssal Knight on June 17, 2022.
             Was an Elder of Lugonu.
             Slain by a vampire mosquito (8 damage)
             ... on level 7 of the Dungeon.
             The game lasted 00:11:24 (7122 turns).

Patoropollo the Skirmisher (Gnoll Abyssal Knight)   Turns: 7122, Time: 00:11:24

Health: -1/73      AC: 12    Str: 13    XL:     9   Next: 9%
Magic:  11/14      EV: 13    Int: 10    God:    Lugonu [****..]
Gold:   272        SH:  0    Dex: 16    Spells: 15/15 levels left

rFire   . . .      SeeInvis +   i - +2 dagger (venom)
rCold   . . .      Faith    .   (no shield)
rNeg    . . .      Spirit   .   b - +2 leather armour
rPois   .          Reflect  .   m - +2 helmet {SInv}
rElec   .          Harm     .   a - +2 cloak {rCorr}
rCorr   +          Rampage  .   (no gloves)
Will    .....                   (no boots)
Stlth   ++........              (no amulet)
HPRegen 0.22/turn               (no ring)
MPRegen 0.14/turn               (no ring)

@: no status effects
A: fangs 1, strong nose, distributed training
a: Renounce Religion, Depart the Abyss, Bend Space, Banish, Corrupt


You were on level 7 of the Dungeon.
You worshipped Lugonu.
Lugonu was greatly pleased with you.
You visited 1 branch of the dungeon, and saw 7 of its levels.
You visited the Abyss 1 time.

You collected 272 gold pieces.

Inventory:

Hand Weapons
 f - a +0 rapier
 i - a +2 dagger of venom (weapon)
Armour
 a - a +2 cloak of preservation (worn)
 b - a +2 leather armour (worn)
 m - a +2 helmet of see invisible (worn)
Jewellery
 l - a ring of magical power
Wands
 g - a wand of polymorph (7)
 o - a wand of iceblast (5)
Scrolls
 e - 4 scrolls of fog
 p - a scroll of teleportation
 q - a scroll of torment
 t - a scroll of brand weapon
 u - a scroll of enchant armour
 v - a scroll of poison {unknown}
Potions
 c - 3 potions of mutation
 d - 2 potions of flight
 h - 2 potions of curing {unknown}
 j - a potion of brilliance {unknown}
 k - a potion of haste
 n - a potion of attraction {unknown}
 r - a potion of heal wounds {unknown}
 s - 2 potions of berserk rage {unknown}


   Skills:
 + Level 7.7 Fighting
 + Level 6.1 Short Blades
 + Level 3.9 Long Blades
 + Level 3.9 Axes
 + Level 3.9 Maces & Flails
 + Level 3.9 Polearms
 + Level 3.9 Staves
 + Level 3.9 Slings
 + Level 3.9 Bows
 + Level 3.9 Crossbows
 + Level 3.9 Throwing
 + Level 6.1 Armour
 + Level 4.7 Dodging
 + Level 3.9 Stealth
 + Level 3.9 Shields
 + Level 3.9 Unarmed Combat
 + Level 3.9 Spellcasting
 + Level 3.2 Conjurations
 + Level 3.2 Hexes
 + Level 3.2 Summonings
 + Level 3.2 Necromancy
 + Level 3.2 Translocations
 + Level 3.2 Transmutations
 + Level 3.2 Fire Magic
 + Level 3.2 Ice Magic
 + Level 3.2 Air Magic
 + Level 3.2 Earth Magic
 + Level 3.2 Poison Magic
 + Level 6.3 Invocations
 + Level 3.9 Evocations


You had 15 spell levels left.
You didn't know any spells.
Your spell library contained the following spells:

 Spells                   Type           Power      Damage    Failure   Level
 Beastly Appendage        Tmut           16%        N/A       9%          1
 Freeze                   Ice            32%        1d5       9%          1
 Sting                    Tmut/Pois      32%        1d4       9%          1
 Ensorcelled Hibernation  Hex/Ice        16%        N/A       13%         2
 Static Discharge         Conj/Air       8%         N/A       13%         2
 Wereblood                Tmut           8%         N/A       13%         2
 Frozen Ramparts          Ice            16%        1d3       26%         3
 Gell's Gravitas          Tloc           8%         N/A       26%         3
 Ozocubu's Armour         Ice            8%         N/A       26%         3
 Spider Form              Tmut/Pois      8%         N/A       26%         3
 Teleport Other           Tloc           8%         N/A       26%         3
 Anguish                  Hex/Necr       4%         N/A       63%         4
 Hailstorm                Conj/Ice       8%         3d4       63%         4
 Lightning Bolt           Conj/Air       4%         1d15      93%         5
 Conjure Ball Lightning   Conj/Air       4%         3x3d6     100%        6
 Dispersal                Tloc           4%         N/A       100%        6
 Ozocubu's Refrigeration  Ice            4%         4d5       100%        7
 Discord                  Hex            4%         N/A       100%        8
 Disjunction              Tloc           4%         N/A       100%        8
 Maxwell's Capacitive Co  Air            4%         ∞         100%        8


Dungeon Overview and Level Annotations

Branches:
Dungeon (7/15)
 Temple: D:4-7

Altars:
Cheibriados
Dithmenos
Ru
Trog
Wu Jian
Xom
The Shining One

Shops:
D:5 ?

Annotations:
D:6 2 transporters, ytrimaz's ghost, novice OpTm


Innate Abilities, Weirdness & Mutations

You have very sharp teeth.
Your uncanny sense of smell can sniff out nearby items.
Your experience applies equally to all skills.


Message History

The vampire mosquito attacks as you move away!
The vampire mosquito bites you but does no damage.
The vampire mosquito misses you. x2; The vampire mosquito bites you!
The vampire mosquito draws strength from your injuries!
The vampire mosquito bites you.
The vampire mosquito draws strength from your injuries!
The vampire mosquito closely misses you.
There is an open door, spattered with blood here.
You hit the vampire mosquito.
You bite the vampire mosquito, but do no damage.
The vampire mosquito is lightly damaged.
The vampire mosquito bites you but does no damage. x2
The vampire mosquito closely misses you.
The vampire mosquito bites you.
The vampire mosquito draws strength from your injuries!
The vampire mosquito bites you!
* * * LOW HITPOINT WARNING * * *
The vampire mosquito draws strength from your injuries!
The vampire mosquito barely misses you.
You are too injured to fight recklessly!
Unknown command.
You are too injured to fight recklessly!
Unknown command.
You are too injured to fight recklessly!
The vampire mosquito attacks as you move away!
The vampire mosquito bites you.
* * * LOW HITPOINT WARNING * * *
The vampire mosquito draws strength from your injuries!
The vampire mosquito closely misses you.
The vampire mosquito bites you.
* * * LOW HITPOINT WARNING * * *
The vampire mosquito draws strength from your injuries!
The vampire mosquito closely misses you.
Space bends violently around you!
You blink.
Space bends violently around you!
You blink.
Space bends violently around you!
You blink.
The vampire mosquito bites you.
* * * LOW HITPOINT WARNING * * *
The vampire mosquito draws strength from your injuries!
The vampire mosquito misses you. The vampire mosquito bites you!
You die...

.....#.# ....#..#
.......## ######
..#.....# #....##
.#......####.....#
.....)..#..##....#
.....#......'.y.##
.....+......#..y.#
.....#.....##..y@#
.#...##########y##
.#### ....##.§..#
.# #.........## .#
#.........#
#..........# ∆
##...##...## #...
#.... .... .....#


You could see 4 vampire mosquitoes.

Vanquished Creatures
  The ghost of Wiilli the Ducker, a novice SpVM of Vehumet (D:5)
  A water moccasin (D:6)
  A black bear (D:6)
  A sky beast (D:6)
  2 ogres
  2 centaurs (D:5)
  A phantom (D:6)
  A bullfrog (D:6)
  A necrophage (D:6)
  2 scorpions (D:6)
  A wight (D:5)
  A water moccasin skeleton (D:5)
  4 hounds
  A jelly (D:4)
  An orc priest (D:5)
  Crazy Yiuf (D:6)
  Terence (D:3)
  A bullfrog skeleton (D:5)
  5 iguanas
  6 adders
  A white imp (D:5)
  8 worms
  2 dart slugs
  11 orcs
  10 endoplasms
  A giant cockroach (D:3)
  13 goblins
  5 hobgoblins
  3 jackals (D:3)
  A quokka (D:3)
  3 ball pythons
  6 bats
  4 frilled lizards
  8 kobolds
  3 rats
114 creatures vanquished.

Vanquished Creatures (others)
  A fungus (D:2)
  15 plants
16 creatures vanquished.

Grand Total: 130 creatures vanquished

Notes
Turn   | Place    | Note
-------+----------+-------------------------------------------
     0 | Abyss:1  | Patoropollo the Gnoll Abyssal Knight began the quest for
                  | the Orb.
     0 | Abyss:1  | Reached XP level 1. HP: 23/23 MP: 3/3
     5 | D:1      | Escaped the Abyss
    57 | D:1      | You fall into a shaft and drop 1 floor!
   233 | D:1      | Reached XP level 2. HP: 27/29 MP: 5/5
  1039 | D:2      | Reached XP level 3. HP: 35/35 MP: 2/6
  1582 | D:2      | Found a faded altar of an unknown god.
  1642 | D:2      | Got Plato's Volume of Changing
  1891 | D:2      | Reached *** piety under Lugonu
  2004 | D:3      | Reached skill level 1 in Long Blades
  2004 | D:3      | Reached skill level 1 in Axes
  2004 | D:3      | Reached skill level 1 in Maces & Flails
  2004 | D:3      | Reached skill level 1 in Polearms
  2004 | D:3      | Reached skill level 1 in Staves
  2004 | D:3      | Reached skill level 1 in Slings
  2004 | D:3      | Reached skill level 1 in Bows
  2004 | D:3      | Reached skill level 1 in Crossbows
  2004 | D:3      | Reached skill level 1 in Throwing
  2004 | D:3      | Reached skill level 1 in Stealth
  2004 | D:3      | Reached skill level 1 in Shields
  2004 | D:3      | Reached skill level 1 in Unarmed Combat
  2004 | D:3      | Reached skill level 1 in Spellcasting
  2004 | D:3      | Reached skill level 1 in Evocations
  2010 | D:3      | Reached XP level 4. HP: 38/41 MP: 7/7
  2152 | D:3      | Found a shadowy altar of Dithmenos.
  2249 | D:3      | Noticed Terence
  2263 | D:3      | Killed Terence
  2264 | D:3      | Reached skill level 1 in Conjurations
  2264 | D:3      | Reached skill level 1 in Hexes
  2264 | D:3      | Reached skill level 1 in Summonings
  2264 | D:3      | Reached skill level 1 in Necromancy
  2264 | D:3      | Reached skill level 1 in Translocations
  2264 | D:3      | Reached skill level 1 in Transmutations
  2264 | D:3      | Reached skill level 1 in Fire Magic
  2264 | D:3      | Reached skill level 1 in Ice Magic
  2264 | D:3      | Reached skill level 1 in Air Magic
  2264 | D:3      | Reached skill level 1 in Earth Magic
  2264 | D:3      | Reached skill level 1 in Poison Magic
  2674 | D:3      | Found an ornate altar of the Wu Jian Council.
  2829 | D:4      | Reached XP level 5. HP: 47/47 MP: 8/8
  3051 | D:4      | Found a glowing golden altar of the Shining One.
  3139 | D:4      | Reached skill level 5 in Invocations
  3139 | D:4      | Reached XP level 6. HP: 24/53 MP: 9/9
  3347 | D:4      | Noticed a moth of wrath
  3376 | D:4      | Found a bloodstained altar of Trog.
  3525 | D:4      | Reached **** piety under Lugonu
  3608 | D:4      | Found a snail-covered altar of Cheibriados.
  3622 | D:4      | Found a shimmering altar of Xom.
  3656 | D:5      | Entered Level 5 of the Dungeon
  3656 | D:5      | Found Tuirghurr's Magic Scroll Shoppe.
  3663 | D:5      | Reached skill level 5 in Short Blades
  3663 | D:5      | Reached skill level 5 in Armour
  4174 | D:5      | Found a transporter.
  4176 | D:5      | Noticed Wiilli's ghost (novice SpVM)
  4193 | D:5      | Reached XP level 7. HP: 52/59 MP: 10/10
  4426 | D:5      | Reached skill level 7 in Fighting
  4589 | D:5      | Found a sacrificial altar of Ru.
  5202 | D:5      | Killed Wiilli's ghost
  5203 | D:5      | Reached XP level 8. HP: 65/67 MP: 12/12
  5315 | D:5      | Found a transporter.
  5659 | D:6      | Found a runed translucent door.
  5660 | D:6      | Noticed Crazy Yiuf
  5707 | D:6      | Noticed a boulder beetle
  5712 | D:6      | Noticed ytrimaz's ghost (novice OpTm)
  5869 | D:6      | Identified the +7 flail of Foul Odours {elec, rElec Str+5
                  | Int+5}
  5871 | D:6      | Identified the +3 dagger of the Forsaken Suns {holy, rC+
                  | Int+3 Stlth-}
  6247 | D:6      | Found a transporter.
  6254 | D:6      | Found a transporter.
  6340 | D:6      | Reached XP level 9. HP: 70/72 MP: 14/14
  6915 | D:6      | Killed Crazy Yiuf
  7122 | D:7      | Slain by a vampire mosquito

Illustrated notes

Levels and vault maps discovered:
D:1:      psy_arrival_fountain, layout_basic
D:2:      layout_rooms, shapermc_ecumenical_altar_rom_forum,
          roderic_serpentine_path
D:3:      layout_basic, mainiacjoe_overflow_alcove_1,
          mainiacjoe_overflow_tiny_flanked, uniq_terence
D:4:      layout_rooms, tgw_trog, mainiacjoe_overflow_swirl,
          nicolae_tso_swordbearing_angel, serial_bayou_lake_a
D:5:      layout_loops_ring, mainiacjoe_overflow_cross_hatched,
          gammafunk_ghost_mausoleum, serial_shops, shop
D:6:      layout_layer_cave, gammafunk_ghost_arena, minmay_misc_feat_enclosed,
          kennysheep_small_square, uniq_crazy_yiuf_cottage
D:7:      layout_gridville, minmay_temple_entry_junction_2,
          hangedman_abyss_or_decor_lesser_grid

Skill      XL: |  1  2  3  4  5  6  7  8 |
---------------+-------------------------+-----
Long Blades    | 1 2 3 |  3.9
Axes           | 1 2 3 |  3.9
Maces & Flails | 1 2 3 |  3.9
Polearms       | 1 2 3 |  3.9
Staves         | 1 2 3 |  3.9
Slings         | 1 2 3 |  3.9
Bows           | 1 2 3 |  3.9
Crossbows      | 1 2 3 |  3.9
Throwing       | 1 2 3 |  3.9
Stealth        | 1 2 3 |  3.9
Shields        | 1 2 3 |  3.9
Unarmed Combat | 1 2 3 |  3.9
Spellcasting   | 1 2 3 |  3.9
Evocations     | 1 2 3 |  3.9
Conjurations   | 1 2 3 |  3.2
Hexes          | 1 2 3 |  3.2
Summonings     | 1 2 3 |  3.2
Necromancy     | 1 2 3 |  3.2
Translocations | 1 2 3 |  3.2
Transmutations | 1 2 3 |  3.2
Fire Magic     | 1 2 3 |  3.2
Ice Magic      | 1 2 3 |  3.2
Air Magic      | 1 2 3 |  3.2
Earth Magic    | 1 2 3 |  3.2
Poison Magic   | 1 2 3 |  3.2
Dodging        | 3 4 |  4.7
Invocations    | 5 6 |  6.3
Short Blades   | 5 6 |  6.1
Armour         | 5 6 |  6.1
Fighting       | 7 |  7.7

Action                   |  1- 3 |  4- 6 |  7- 9 || total
-------------------------+-------+-------+-------++-------
Melee: Short sword       |    19 |       |       ||    19
       Dagger            |   116 |   165 |   189 ||   470
       Bite              |    15 |    18 |    23 ||    56
       Punch             |     4 |     3 |     6 ||    13
Invok: Bend Space        |       |     1 |     3 ||     4
  Use: Scroll            |       |    10 |     5 ||    15
       Potion            |       |       |     1 ||     1
 Stab: Sleeping          |     1 |     5 |     1 ||     7
Armor: Leather armour    |    31 |    38 |    63 ||   132
Dodge: Dodged            |    73 |    93 |   120 ||   286

Table legend: (Time is in decaauts)
 A = Elapsed time spent in this place.
 B = Non-inter-level travel time spent in this place.
 C = Inter-level travel time spent in this place.
 D = Time resting spent in this place.
 E = Time spent auto-exploring this place.
 F = Levels seen in this place.
 G = Mean time per level.
                   A        B        C        D        E       F      G
               +--------+--------+--------+--------+--------+-----+--------+
         Total |   7015 |   6795 |    220 |      0 |   5773 |   8 |  876.9 |
       Dungeon |   7010 |   6790 |    220 |      0 |   5773 |   7 | 1001.4 |
         Abyss |      5 |      5 |      0 |      0 |      0 |   1 |    5.0 |
               +--------+--------+--------+--------+--------+-----+--------+

Top non-repeatable levels by time:
     D:6: 1626 daAuts
     D:5: 1519 daAuts
     D:1: 1005 daAuts
     D:4: 987 daAuts
     D:2: 949 daAuts
     D:3: 823 daAuts
     D:7: 99 daAuts
 Abyss:1: 5 daAuts
